 Dungeon Crawl Stone Soup version 0.31-a0-631-g285b096dc4 (webtiles) character file.

Game seed: 4025835877539715670

7312 lorenzova the Thaumaturge (level 10, 0/47 (50) HPs)
             Began as a Deep Elf Conjurer on Aug 26, 2023.
             Was a Priest of Vehumet.
             Slain by a two-headed ogre
             ... wielding a +0 great mace
              (30 damage)
             ... on level 8 of the Dungeon.
             The game lasted 00:31:48 (13412 turns).

lorenzova the Thaumaturge (Deep Elf Conjurer)      Turns: 13412, Time: 00:31:50

HP:   0/47 (50)     AC:  7    Str:  4    XL:     10   Next: 90%
MP:   29/29         EV: 11    Int: 28    God:    Vehumet [***...]
Gold: 520           SH:  5    Dex: 13    Spells: 20/35 levels left

rFire   . . .        l - +0 morningstar (protect)
rCold   . . .        (no shield)
rNeg    . . .        p - +3 leather armour {Will+}
rPois   .            (no helmet)
rElec   .            (no cloak)
rCorr   .            (no gloves)
SInv    .            C - +0 pair of boots
Will    +++..        F - amulet of reflection
Stlth   ++           s - ring of wizardry
HPRegen 0.27/turn    B - ring of willpower
MPRegen 0.21/turn

%: reflection, wizardry (x1)
@: drained
A: no striking features
a: Renounce Religion


You were on level 8 of the Dungeon.
You worshipped Vehumet.
Vehumet was most pleased with you.
You visited 2 branches of the dungeon, and saw 9 of its levels.
You also visited: Bailey.

You collected 718 gold pieces.
You spent 198 gold pieces at shops.

Inventory:

Hand Weapons
 l - a +0 morningstar of protection (weapon)
Missiles
 b - 5 throwing nets
Armour
 a - a +0 robe
 p - a +3 leather armour of willpower (worn)
 t - a +2 robe of willpower
 y - the +0 ring mail of the Threshing Gods {Str+6}
   (You found it on level 5 of the Dungeon)

   Str+6:     It affects your strength (+6).
 C - a +0 pair of boots (worn)
Jewellery
 s - a ring of wizardry (left hand)
 B - a ring of willpower (right hand)
 D - a +4 ring of slaying
 F - an amulet of reflection (around neck)
 I - an amulet of faith
Talismans
 k - a blade talisman
Wands
 w - a wand of iceblast (8)
 x - a wand of charming (11)
Scrolls
 c - 5 scrolls of amnesia
 e - 2 scrolls of fog
 i - a scroll of immolation
 j - a scroll of enchant weapon
 n - a scroll of blinking
 o - 7 scrolls of teleportation
 r - a scroll of vulnerability
 H - a scroll of revelation
Potions
 d - 5 potions of mutation
 f - a potion of attraction {unknown}
 g - 4 potions of lignification
 h - 3 potions of heal wounds
 m - a potion of curing {unknown}
 q - a potion of berserk rage {unknown}
 v - 3 potions of brilliance {unknown}
 z - 2 potions of cancellation
 E - a potion of might {unknown}
 K - a potion of invisibility {unknown}


   Skills:
 - Level 2.4 Dodging
 - Level 2.4 Stealth
 * Level 13.4 Spellcasting
 * Level 12.2 Conjurations
 - Level 6.0 Hexes
 + Level 5.9 Translocations
 * Level 4.3 Fire Magic


You had 20 spell levels left.
You knew the following spells:

 Your Spells              Type           Power      Damage    Failure   Level
a - Magic Dart            Conj           100%       1d8       1%          1
b - Searing Ray           Conj           100%       2d8       1%          2
c - Iskenderun's Mystic   Conj/Tloc      63%        2d13      1%          4
d - Fulminant Prism       Conj/Hex       31%        3d16      1%          4
f - Scorch                Fire           86%        2d8       1%          2
p - Blink                 Tloc           100%       N/A       1%          2

Your spell library contained the following spells:

 Spells                   Type           Power      Damage    Failure   Level
 Flame Wave               Conj/Fire      60%        2d14      1%          4
 Apportation              Tloc           100%       N/A       1%          1
 Necrotise                Necr           72%        1d7       1%          1
 Summon Small Mammal      Summ           72%        N/A       1%          1
 Lesser Beckoning         Tloc           100%       N/A       1%          2
 Momentum Strike          Conj/Tloc      100%       3d10      1%          2
 Dazzling Flash           Conj/Hex       100%       N/A       1%          3
 Mephitic Cloud           Conj/Pois/Air  41%        N/A       1%          3
 Stone Arrow              Conj/Erth      100%       3d13      1%          3
 Irradiate                Conj/Tmut      26%        3d20      1%          5
 Call Imp                 Summ           36%        N/A       3%          2
 Sublimation of Blood     Necr           18%        N/A       3%          2
 Ozocubu's Armour         Ice            18%        N/A       6%          3
 Summon Mana Viper        Hex/Summ       35%        N/A       16%         5
 Animate Armour           Summ/Erth      36%        N/A       21%         4
 Petrify                  Tmut/Erth      18%        N/A       21%         4
 Summon Ice Beast         Ice/Summ       18%        N/A       21%         4
 Lehudib's Crystal Spear  Conj/Erth      26%        10d7      89%         8
 Ozocubu's Refrigeration  Ice            9%         4d9       96%         7
 Monstrous Menagerie      Summ           9%         N/A       100%        7


Dungeon Overview and Level Annotations

Branches:
Dungeon (8/15)             Temple (1/1) D:4          Bailey (visited)
   Lair: D:8-11

Altars:
Ashenzari
Cheibriados
Elyvilon
Fedhas
Gozag
Hepliaklqana
Kikubaaqudgha
Makhleb
Okawaru
Qazlal
Ru
Sif Muna
Trog
Uskayaw
Vehumet
Wu Jian
Xom
Yredelemnul
Zin
The Shining One

Shops:
D:5 [   D:7 ?


Message History

Casting: Iskenderun's Mystic Blast (safe; 1% risk of failure)
Confirm with . or Enter, or press ? or * to list all spells.
You erupt in a blast of force!
The mystic blast hits the wight!
The wight is severely damaged.
The wight is knocked back by the mystic blast.
The mystic blast hits the wight!
The wight is almost destroyed.
The wight is knocked back by the mystic blast.
The mystic blast hits the wight!
You destroy the wight!
Vehumet accepts your kill.
You hear a shout!
Casting: Iskenderun's Mystic Blast (safe; 1% risk of failure)
Confirm with . or Enter, or press ? or * to list all spells.
Aiming: Magic Dart (safe; 1% risk of failure)
Press: ? - help, Shift-Dir - straight line, f - wight
Aim: a wight, wielding a +0 great sword and wearing a +0 robe (100% to hit)
The magic dart hits the wight.
The wight is lightly damaged.
The wight throws a stone.
The stone hits you.
Unknown command.
Casting: Magic Dart (safe; 1% risk of failure)
Confirm with . or Enter, or press ? or * to list all spells.
You erupt in a blast of force!
The mystic blast hits the wight!
The wight is heavily damaged.
The wight is knocked back by the mystic blast.
You climb upwards.
There is a stone staircase leading down here.
You start resting.
HP restored.
You start resting.
Magic restored.
You climb downwards.
The wight barely misses you.
The wight hits you with a +0 great sword!
You feel drained.
The wight hits you with a +1 morningstar.
You feel drained.
The two-headed ogre hits you with a +0 great mace!!
Ouch! That really hurt!
You die...

......... #....#
.........##.....##
.................#
........(.!.......
......)o..........
............[.....
#......([[.).$....
##......[$........
#......[O@[)......
........zz.....##.
#..........[.....
#...........#####.
..........###
#...........#
#..##............
#..##.............
.............##


You could see a two-headed ogre, an orc warrior and 2 wights.

Vanquished Creatures
  Amaemon (D:8)
  Psyche (D:8)
  An orange demon (D:8)
  A hornet (D:8)
  Grinder (D:4)
  6 yaks (D:7)
  A steam dragon (D:7)
  Menkaure (D:4)
  3 orc warriors
  2 sky beasts
  3 ogres
  8 wolves (Bailey)
  A kobold brigand (D:8)
  2 bullfrogs
  13 gnoll sergeants
  8 scorpions
  9 wights
  A howler monkey (D:3)
  2 jellies
  6 hounds
  An orc priest (D:6)
  9 gnoll boudas
  A sleepcap (D:5)
  Ijyb (D:4)
  Natasha (thrice) (D:3)
  7 iguanas
  6 orc wizards
  20 gnolls
  9 adders
  3 shadow imps
  3 white imps
  An ufetubus (D:6)
  3 worms
  17 orcs
  11 ball pythons
  2 endoplasms
  7 giant cockroaches
  7 goblins
  9 hobgoblins
  4 quokkas
  10 bats
  5 frilled lizards
  12 kobolds
  3 rats
225 creatures vanquished.

Vanquished Creatures (others)
  28 fulminant prisms
28 creatures vanquished.

Grand Total: 253 creatures vanquished

Notes
Turn   | Place    | Note
-------+----------+-------------------------------------------
     0 | D:1      | lorenzova the Deep Elf Conjurer began the quest for the
                  | Orb.
     0 | D:1      | Reached XP level 1. HP: 10/10 MP: 6/6
   141 | D:1      | Reached XP level 2. HP: 15/15 MP: 2/8
   195 | D:1      | Learned a level 2 spell: Searing Ray
   393 | D:1      | Found a faded altar of an unknown god.
   397 | D:1      | Reached skill level 5 in Conjurations
  1087 | D:2      | Reached XP level 3. HP: 19/19 MP: 2/9
  2138 | D:3      | Reached skill level 4 in Spellcasting
  2138 | D:3      | Reached XP level 4. HP: 24/24 MP: 7/12
  2645 | D:3      | Noticed Natasha
  2650 | D:3      | Killed Natasha
  2651 | D:3      | Reached XP level 5. HP: 28/28 MP: 6/13
  2939 | D:3      | Noticed Natasha
  2957 | D:3      | Killed Natasha
  3049 | D:3      | Noticed Natasha
  3053 | D:3      | Killed Natasha
  3054 | D:3      | Reached skill level 5 in Spellcasting
  3646 | D:4      | Noticed Grinder
  3667 | D:4      | Killed Grinder
  3668 | D:4      | Reached skill level 6 in Spellcasting
  3668 | D:4      | Reached XP level 6. HP: 32/32 MP: 6/17
  3966 | D:4      | Found a staircase to the Ecumenical Temple.
  3976 | D:4      | Reached XP level 7. HP: 25/36 MP: 11/19
  4052 | Temple   | Entered the Ecumenical Temple
  4059 | Temple   | Became a worshipper of Vehumet
  4292 | D:4      | Reached skill level 7 in Spellcasting
  4607 | D:4      | Found a broken altar of Ashenzari.
  4803 | D:4      | Noticed Menkaure
  4822 | D:4      | Killed Menkaure
  4951 | D:4      | Reached skill level 8 in Spellcasting
  5242 | D:4      | Noticed Ijyb
  5248 | D:4      | Killed Ijyb
  5440 | D:5      | Entered Level 5 of the Dungeon
  5477 | D:5      | Learned a level 4 spell: Iskenderun's Mystic Blast
  5482 | D:5      | Learned a level 4 spell: Fulminant Prism
  5493 | D:5      | Reached XP level 8. HP: 41/41 MP: 16/22
  5624 | D:5      | Found Tiseig's Armour Shoppe.
  5647 | D:5      | Reached skill level 9 in Spellcasting
  5647 | D:5      | Reached skill level 1 in Hexes
  5865 | D:5      | Identified the +0 ring mail of the Threshing Gods {Str+6}
  5922 | D:5      | Reached skill level 1 in Translocations
  6251 | D:5      | HP: 2/41 [something (27)]
  7879 | D:6      | Found an opulent altar of Gozag.
  8044 | D:6      | Reached * piety under Vehumet
  8044 | D:6      | Offered knowledge of Foxfire by Vehumet.
  8045 | D:6      | Reached skill level 10 in Spellcasting
  8415 | D:7      | Found a flagged portal.
  8525 | Bailey   | Entered a bailey
  8662 | Bailey   | Reached XP level 9. HP: 45/45 MP: 20/25
  8714 | Bailey   | Reached skill level 10 in Conjurations
  8798 | Bailey   | Reached skill level 11 in Spellcasting
  8997 | Bailey   | Offered knowledge of Scorch by Vehumet.
  9001 | Bailey   | Learned a level 2 spell: Scorch
  9026 | Bailey   | Learned a level 2 spell: Blink
  9059 | Bailey   | Reached ** piety under Vehumet
  9192 | Bailey   | Reached skill level 5 in Hexes
  9679 | D:7      | Found a stormy altar of Qazlal.
  9954 | D:7      | Reached skill level 12 in Spellcasting
  9957 | D:7      | Reached XP level 10. HP: 50/50 MP: 13/28
 10367 | D:7      | Found a basalt altar of Yredelemnul.
 10838 | D:7      | Found Xais's Magic Scroll Boutique.
 10844 | D:7      | Bought a scroll of revelation for 90 gold pieces
 10844 | D:7      | Bought a scroll of teleportation for 36 gold pieces
 10844 | D:7      | Bought a scroll of teleportation for 36 gold pieces
 10844 | D:7      | Bought a scroll of teleportation for 36 gold pieces
 11085 | D:7      | Found a bloodstained altar of Trog.
 11094 | D:7      | Reached skill level 5 in Translocations
 11094 | D:7      | Reached skill level 1 in Fire Magic
 11164 | D:7      | Offered knowledge of Ignite Poison by Vehumet.
 12354 | D:8      | Noticed Psyche
 12372 | D:8      | Killed Psyche
 12393 | D:8      | Reached *** piety under Vehumet
 12578 | D:8      | Noticed Amaemon
 12590 | D:8      | Noticed an orange demon
 12596 | D:8      | Killed Amaemon
 12597 | D:8      | Reached skill level 13 in Spellcasting
 12797 | D:8      | Killed an orange demon
 13162 | D:8      | Offered knowledge of Flame Wave by Vehumet.
 13412 | D:8      | Noticed a two-headed ogre
 13412 | D:8      | Slain by a two-headed ogre

Illustrated notes

Levels and vault maps discovered:
D:1:      dpeg_arrival_ternary, layout_rooms,
          hellmonk_ecumenical_altar_heavens_door
D:2:      layout_loops_ring
D:3:      layout_rooms, roderic_batcave, uniq_natasha
D:4:      layout_basic, mainiacjoe_overflow_alcove_4,
          minmay_temple_entry_steel_oval, serial_curves, eino_curves_02,
          eino_curves_04, minmay_ruptured, uniq_grinder, uniq_ijyb,
          uniq_menkaure
D:5:      layout_gridville, serial_shops, nicolae_shop_real_fake_doors,
          lemuel_flame_loot_1
D:6:      layout_gridville, mainiacjoe_overflow_cross_hatched,
          lemuel_flamethrower_2
D:7:      layout_loops_ring, trog_butcher_becter, amcnicky_altar_gilded,
          lemuel_crystal_altar, enter_bailey_2, serial_shops,
          nicolae_shop_peninsula, nicolae_letterblocks [nicolae_letter_subblock,
          nicolae_letter_subblock, nicolae_letter_subblock,
          nicolae_letter_subblock, nicolae_letter_subblock,
          nicolae_letter_subblock, nicolae_letter_subblock,
          nicolae_letter_subblock, nicolae_letter_subblock,
          nicolae_letter_subblock, nicolae_letter_subblock,
          nicolae_letter_subblock, nicolae_letter_subblock,
          nicolae_letter_subblock, nicolae_letter_subblock,
          nicolae_letter_subblock, nicolae_letter_subblock,
          nicolae_letter_subblock, nicolae_letter_subblock,
          nicolae_letter_subblock, nicolae_letter_subblock,
          nicolae_letter_subblock, nicolae_letter_subblock,
          nicolae_letter_subblock, nicolae_letter_subblock]
D:8:      layout_cave_pools, pf_guarded_unrand_woodcutter, uniq_psyche,
          uniq_amaemon
Temple:   hellmonk_temple_of_storms

Skill      XL: |  1  2  3  4  5  6  7  8  9 10 |
---------------+-------------------------------+-----
Conjurations   | 5 6 7 8 9 11 12 | 12.2
Spellcasting   | 4 6 8 10 12 13 | 13.4
Hexes          | 3 5 6 |  6.0
Translocations | 2 4 5 |  5.9
Fire Magic     | 4 |  4.3
Dodging        | |  2.4
Stealth        | |  2.4

Action                     |  1- 3 |  4- 6 |  7- 9 | 10-12 || total
---------------------------+-------+-------+-------+-------++-------
  Melee: Unarmed           |       |     1 |       |       ||     1
         Morningstar       |       |     1 |     4 |     1 ||     6
   Cast: Magic Dart        |    90 |    65 |   122 |    37 ||   314
         Searing Ray       |       |     8 |    61 |    12 ||    81
         Iskenderun's Myst |       |       |    33 |    45 ||    78
         Fulminant Prism   |       |       |     9 |    19 ||    28
         Scorch            |       |       |     1 |     4 ||     5
    Use: Scroll            |     4 |     3 |     5 |     5 ||    17
         Potion            |       |       |     3 |       ||     3
 Armour: Robe              |     1 |       |       |       ||     1
         Leather armour    |       |     1 |    11 |     4 ||    16
  Dodge: Dodged            |    14 |     7 |    28 |     8 ||    57
  Block: Other             |       |       |     3 |     7 ||    10
         Reflection        |       |       |     1 |     3 ||     4

Table legend: (Time is in decaauts)
 A = Elapsed time spent in this place.
 B = Non-inter-level travel time spent in this place.
 C = Inter-level travel time spent in this place.
 D = Time resting spent in this place.
 E = Time spent auto-exploring this place.
 F = Levels seen in this place.
 G = Mean time per level.
                   A        B        C        D        E       F      G
               +--------+--------+--------+--------+--------+-----+--------+
         Total |  13415 |  13029 |    386 |   7227 |   4083 |  10 | 1341.5 |
       Dungeon |  12334 |  11948 |    386 |   6662 |   3965 |   8 | 1541.8 |
        Temple |     14 |     14 |      0 |      0 |      0 |   1 |   14.0 |
        Bailey |   1066 |   1066 |      0 |    565 |    118 |   1 | 1066.0 |
               +--------+--------+--------+--------+--------+-----+--------+

Top non-repeatable levels by time:
     D:7: 3272 daAuts
     D:4: 1842 daAuts
     D:6: 1708 daAuts
     D:3: 1579 daAuts
     D:5: 1346 daAuts
     D:2: 1236 daAuts
  Bailey: 1066 daAuts
     D:1: 766 daAuts
     D:8: 582 daAuts
  Temple: 14 daAuts
